 Dungeon Crawl Stone Soup version 0.31-a0-232-gb1c03b2570 (webtiles) character file.

Game seed: 9917404714941267590

103 qw the Shooter (level 4, 0/26 HPs)
             Began as a Gargoyle Hexslinger on July 7, 2023.
             Slain by a jackal (2 damage)
             ... on level 2 of the Dungeon.
             The game lasted 00:00:33 (1308 turns).

qw the Shooter (Gargoyle Hexslinger)                Turns: 1308, Time: 00:00:34

Health: 0/26       AC:  8    Str: 12    XL:     4   Next: 79%
Magic:  5/5        EV: 10    Int: 13    God:
Gold:   116        SH:  0    Dex: 14    Spells: 4/5 levels left

rFire   . . .        Y - +1 sling
rCold   . . .        (no shield)
rNeg    + . .        k - +0 ring mail
rPois   inf          (no helmet)
rElec   +            (no cloak)
rCorr   .            (no gloves)
SInv    .            (no boots)
Will    .....        (no amulet)
Stlth   +            (no ring)
HPRegen 0.24/turn    (no ring)
MPRegen 0.09/turn

%: no passive effects
@: no status effects
A: sickness immunity, AC +3, negative energy resistance 1, electricity
resistance, torment resistance 1, petrification resistance
a: no special abilities


You were on level 2 of the Dungeon.
You visited 1 branch of the dungeon, and saw 2 of its levels.

You collected 116 gold pieces.


Innate Abilities, Weirdness & Mutations

You are immune to sickness and miasma.
Your stone body is resilient. (AC +3)
You are immune to poison.
You resist negative energy. (rN+)
You are resistant to electric shocks. (rElec)
You are resistant to unholy torment.
You are immune to petrification.


   Skills:
 - Level 2.0 Fighting
 + Level 4.1 Ranged Weapons
 - Level 1.7 Armour
 - Level 1.5 Dodging
 - Level 1.0 Spellcasting
 - Level 2.6 Hexes


You had 4 spell levels left.
You knew the following spells:

 Your Spells              Type           Power      Damage    Failure   Level
a - Slow                  Hex            28%        N/A       21%         1

Your spell library contained the following spells:

 Spells                   Type           Power      Damage    Failure   Level
 Inner Flame              Hex/Fire       4%         N/A       71%         3
 Portal Projectile        Hex/Tloc       8%         N/A       71%         3
 Cause Fear               Hex            3%         N/A       90%         4

Inventory:

Hand Weapons
 Y - a +1 sling (weapon)
Armour
 k - a +0 ring mail (worn)
Scrolls
 a - a scroll of revelation {unknown}
Potions
 b - a potion of curing {unknown}
 c - a potion of attraction {unknown}
 d - a potion of ambrosia {unknown}
 g - a potion of degeneration {unknown}
 i - a potion of berserk rage {unknown}
 j - a potion of lignification {unknown}

Dungeon Overview and Level Annotations

Branches:
Dungeon (2/15)

Altars:

Annotations:
D:2 Natasha


Message History

The sling bullet closely misses Natasha.
The jackal barely misses you. Natasha closely misses you. Natasha misses you.
You shoot a sling bullet.
The sling bullet barely misses the jackal.
The jackal closely misses you.
The jackal bites you but does no damage.
The jackal closely misses you.
The jackal bites you but does no damage.
Natasha claws you.
You shoot a sling bullet.
The sling bullet closely misses the jackal.
The sling bullet barely misses the jackal.
The jackal bites you. The jackal misses you.
Natasha claws you but does no damage. The jackal bites you.
The jackal barely misses you.
You shoot a sling bullet. The sling bullet hits the jackal.
You kill the jackal!
The jackal closely misses you. Natasha claws you but does no damage.
The jackal bites you but does no damage.
Natasha claws you.
The jackal bites you but does no damage.
You shoot a sling bullet. The sling bullet hits Natasha.
Natasha is lightly wounded.
The jackal bites you but does no damage.
The jackal closely misses you. Natasha barely misses you.
The jackal misses you. x2
You shoot a sling bullet. The sling bullet hits Natasha.
Natasha is heavily wounded.
The jackal bites you but does no damage.
The jackal closely misses you. Natasha barely misses you.
The jackal barely misses you.
You shoot a sling bullet. The sling bullet hits Natasha.
Natasha is almost dead.
The jackal bites you but does no damage.
Natasha stares at you and mumbles some strange words.
The magic dart hits you!
The jackal bites you but does no damage.
The jackal barely misses you.
Natasha casts a spell.
The jackal bites you.
You die...

.#.####.###....#
...)........##.#
...###.........#
##.###.####
##.##.#
####.##.#
##.##.##.##
#..5......#
##@h#####>#
#..hh## . #.#..#
.. #..# ... ...#
.# ##... ####


You could see Natasha, a cerulean imp (summoned) and 2 jackals.

Vanquished Creatures
  Jessica (D:2)
  Terence (D:2)
  A worm (D:2)
  A dart slug (D:1)
  5 ball pythons
  2 bats (D:1)
  2 endoplasms (D:1)
  A giant cockroach (D:1)
  3 goblins
  7 hobgoblins
  6 jackals
  3 quokkas (D:1)
  2 frilled lizards (D:1)
  5 kobolds
  2 rats
42 creatures vanquished.

Notes
Turn   | Place    | Note
-------+----------+-------------------------------------------
     0 | D:1      | qw the Gargoyle Hexslinger began the quest for the Orb.
     0 | D:1      | Reached XP level 1. HP: 12/12 MP: 2/2
     0 | D:1      | 0 ||| qw: Version: 0.3-a-46-gb1f654a
     0 | D:1      | 0 ||| qw: Game counter: 2408
     0 | D:1      | 0 ||| qw: Melee chars always use a shield: true
     0 | D:1      | 0 ||| qw: God list: Okawaru
     0 | D:1      | 0 ||| qw: Allow faded altars: false
     0 | D:1      | 0 ||| qw: Do Orc after clearing Dungeon:15 true
     0 | D:1      | 0 ||| qw: Do second Lair branch before Depths: true
     0 | D:1      | 0 ||| qw: Lair rune preference: random
     0 | D:1      | 0 ||| qw: Goals: Normal
     0 | D:1      | 0 ||| PLANNING D:1-11
    83 | D:1      | Reached XP level 2. HP: 16/16 MP: 3/3
   166 | D:1      | Noticed a floating eye
   174 | D:1      | Reached skill level 3 in Ranged Weapons
   210 | D:1      | Found a faded altar of an unknown god.
   212 | D:1      | Noticed a great orb of eyes
   212 | D:1      | Noticed an eye of devastation
   212 | D:1      | Noticed a floating eye
   277 | D:1      | Reached XP level 3. HP: 17/21 MP: 4/4
   744 | D:1      | 744 ||| UPGRADING to +0 leather armour.
   754 | D:1      | 754 ||| DROPPING +0 robe.
   755 | D:1      | 755 ||| UPGRADING to +0 ring mail.
   765 | D:1      | 765 ||| DROPPING +0 leather armour.
   766 | D:1      | 766 ||| READING scroll labelled ICYR GAPTOIF.
   771 | D:1      | 771 ||| DRINKING 2 dark potions.
   772 | D:1      | 772 ||| DROPPING scroll of poison.
   773 | D:1      | 773 ||| DROPPING potion of brilliance.
   930 | D:2      | Noticed Terence
   947 | D:2      | Killed Terence
   948 | D:2      | Reached skill level 4 in Ranged Weapons
   948 | D:2      | Reached XP level 4. HP: 15/26 MP: 5/5
  1066 | D:2      | Noticed Jessica
  1079 | D:2      | Killed Jessica
  1080 | D:2      | Reached skill level 1 in Armour
  1297 | D:2      | Noticed Natasha
  1308 | D:2      | HP: 2/26 [Natasha/magic dart (8)]
  1308 | D:2      | Slain by a jackal

Levels and vault maps discovered:
D:1:      scummos_arrival_forest, layout_loops_ring,
          hellmonk_ecumenical_altar_watching_god, patterned_corridor
D:2:      layout_loops_ring, serial_shops, shop, uniq_terence,
          uniq_crazy_yiuf_cottage, uniq_jessica, uniq_natasha

Skill      XL: |  1  2  3  4 |
---------------+-------------+-----
Ranged Weapons | 3 4 |  4.1
Fighting       | 2 |  2.0
Armour         | 1 |  1.7
Dodging        | |  1.5
Spellcasting   | |  1.0
Hexes          | |  2.6

Action                     |  1- 3 |  4- 6 || total
---------------------------+-------+-------++-------
   Fire: Sling             |   113 |    30 ||   143
    Use: Scroll            |     1 |       ||     1
         Potion            |     1 |       ||     1
 Armour: Robe              |    12 |       ||    12
         Ring mail         |     9 |    13 ||    22
  Dodge: Dodged            |    31 |    16 ||    47

Table legend:
 A = Non-vault XP
 B = Vault XP
 C = Vault XP percentage of total XP
 D = Non-vault monster count
 E = Vault monster count
 F = Vault count percentage of total count
                 A         B        C        D         E       F
            +---------+---------+-------+---------+---------+-------
      Total |      75 |      73 |  49.3 |      40 |       2 |   4.8
            +---------+---------+-------+---------+---------+-------
        D:1 |      56 |       0 |   0.0 |      31 |       0 |   0.0
        D:2 |      19 |      73 |  79.3 |       9 |       2 |  18.2
            +---------+---------+-------+---------+---------+-------
